 Dungeon Crawl Stone Soup version 0.24.0-37-gcf1ca852f1 (webtiles) character file.

Game seed: 15638764367418521166, levelgen mode: deterministic

66 McKennaii the Skirmisher (level 3, -1/29 HPs)
             Began as a Demonspawn Fighter on Nov 28, 2019.
             Slain by a goblin
             ... wielding a +0 club
             ... led by Robin
              (5 damage)
             ... on level 2 of the Dungeon.
             The game lasted 00:01:13 (1026 turns).

McKennaii the Skirmisher (Demonspawn Fighter)       Turns: 1026, Time: 00:01:13

Health: -1/29      AC:  6    Str: 17    XL:     3   Next: 96%
Magic:  3/3        EV:  7    Int:  9    God:
Gold:   68         SH:  8    Dex: 12    Spells: 2/2 levels left

rFire    . . .     SeeInvis .   a - +0 war axe
rCold    . . .     Gourm    .   c - +0 shield
rNeg     . . .     Faith    .   b - +0 scale mail
rPois    .         Spirit   .   (helmet restricted)
rElec    .         Reflect  .   (no cloak)
rCorr    .         Harm     .   (no gloves)
MR       .....                  (no boots)
Stlth    ..........             (no amulet)
HPRegen  0.09/turn              l - ring of flight
MPRegen  0.08/turn              (no ring)

@: lightly drained
A: horns 2
a: Evoke Flight


You were on level 2 of the Dungeon.
You were hungry.

You visited 1 branch of the dungeon, and saw 2 of its levels.

You collected 68 gold pieces.

Inventory:

Hand Weapons
 a - a +0 war axe (weapon)
Armour
 b - a +0 scale mail (worn)
 c - a +0 shield (worn)
Jewellery
 l - a ring of flight (left hand)
Scrolls
 g - a scroll of amnesia {unknown}
 m - a scroll of identify {unknown}
 n - a scroll of fear {unknown}
Potions
 d - a potion of might
 e - 3 potions of flight {unknown}
 h - a potion of resistance {unknown}
 i - 2 potions of lignification {unknown}
 j - a potion of brilliance {unknown}
 k - a potion of heal wounds {unknown}
 o - 2 potions of invisibility {unknown}
Comestibles
 f - 4 rations


   Skills:
 + Level 3.5(3.1) Fighting
 * Level 2.7(2.3) Axes
 + Level 2.9(2.5) Armour
 + Level 0.7(0.3) Dodging
 + Level 3.0(2.5) Shields


You had 2 spell levels left.
You didn't know any spells.
Your spell library was empty.

Dungeon Overview and Level Annotations

Branches:
Dungeon (2/15)

Altars:

Annotations:
D:2 Robin


Innate Abilities, Weirdness & Mutations

You have a pair of horns on your head.


Message History

The goblin hits you with a +0 club.
* * * LOW HITPOINT WARNING * * *
Your shield and scale mail prevent you from hitting the hobgoblin.
You hit the goblin.
The goblin no longer looks unusually strong.
The hobgoblin hits you with a +0 club.
* * * LOW HITPOINT WARNING * * *
The goblin hits you but does no damage. You block the hobgoblin's attack.
You closely miss the hobgoblin.
Your shield and scale mail prevent you from hitting the goblin.
The goblin no longer looks unusually strong.
Robin roars a battlecry!
The goblins go into a battle-frenzy!
The goblin barely misses you. You block the hobgoblin's attack.
You slash the hobgoblin!
You kill the hobgoblin!
Your base Shields skill increases to level 3!
You closely miss the goblin. You block the goblin's attack.
The goblin hits you with a +0 club.
You die...

#......#
#......#
#......# .
#......## gg
#.......# .g.
#.......#
....
###'#...#
.....
#.#####......
#.(g@gwg.....
######g......
.......
.......
.......
.#+#### .# .#


You could see a worm, Robin, a hobgoblin and 2 goblins.

Vanquished Creatures
  An adder (D:2)
  A worm (D:2)
  A dart slug (D:1)
  2 leopard geckos (D:2)
  2 giant cockroaches (D:1)
  10 goblins
  10 hobgoblins
  3 jackals (D:1)
  3 bats
  2 frilled lizards
  5 kobolds
  6 rats
46 creatures vanquished.

Notes
Turn   | Place    | Note
-------+----------+-------------------------------------------
     0 | D:1      | McKennaii the Demonspawn Fighter began the quest for the
                  | Orb.
     0 | D:1      | Reached XP level 1. HP: 18/18 MP: 1/1
    71 | D:1      | You fall into a shaft and drop 1 floor!
    85 | D:2      | Gained mutation: You have a pair of small horns on your
                  | head. [demonic ancestry]
    85 | D:2      | Reached XP level 2. HP: 23/24 MP: 2/2
   462 | D:1      | Gained mutation: You have a pair of horns on your head.
                  | [demonic ancestry]
   462 | D:1      | Reached XP level 3. HP: 26/29 MP: 3/3
  1006 | D:2      | Noticed Robin
  1026 | D:2      | Slain by a goblin

Levels and vault maps discovered:
D:1:      co_arrival_random_square_maze, layout_rooms
D:2:      layout_basic, first_ration, minmay_misc_feat_alley,
          minmay_misc_feat_x, uniq_robin

Skill      XL: |  1  2  3 |
---------------+----------+-----
Axes           | 2 |  2.7
Shields        | 3 |  3.0
Fighting       | |  3.5
Armour         | |  2.9
Dodging        | |  0.7

Action                   || total
-------------------------++-------
Melee: War axe           ||   123
       Headbutt          ||    14
Armor: Scale mail        ||    85
Dodge: Dodged            ||    37
Block: Shield            ||    78
